Workbook

Sheet Page 1, Agreement
A1: SAN MATEO COUNTY
A2: PUBLIC DISCLOSURE OF COLLECTIVE BARGAINING AGREEMENT
A3: in Accordance with AB 1200 (Chapter 1213/1991), AB 2756 (Statutes of 2004), GC 3547.5, and CCR, Title V, Section 15449
A6: Name of School District:
A7: Name of Bargaining Unit:
A8: Certificated, Classified, Other:
A10: The proposed agreement covers the period beginning: | E10: and ending:
D11: (date) | F11: (date)
A12: The Governing Board will act upon this agreement at its meeting on:
E13: (date)
A14: (Note: This form, along with a copy of the proposed agreement, must be submitted to the county office at least ten (10) working days prior to the date the governing board will take action.)
A16: A. Proposed Change in Compensation
A18: Compensation | C18: Annual | D18: Fiscal Impact of Proposed Agreement
C19: Cost Prior to
C20: Proposed Agreement | D20: Year 1 Increase/(Decrease) | E20: Year 2 Increase/(Decrease) | F20: Year 3 Increase/(Decrease)
C21: FY ____ - ____ | D21: FY ____ - ____ | E21: FY ____ - ____ | F21: FY ____ - ____
A22: 1 | B22: Salary Schedule | C22: 0 | D22: 0 | E22: 0 | F22: 0
B23: Increase (Decrease)
D24: =IF(C22=0,"%",D22/C22) -> % | E24: =IF(SUM(C22+D22)=0,"%",E22/SUM(C22+D22)) -> % | F24: =IF(SUM(C22+D22+E22)=0,"%",F22/SUM(C22+D22+E22)) -> %
A25: 2 | B25: Step and Column - Increase (Decrease) | C25: 0 | D25: 0 | E25: 0 | F25: 0
B26: Due to movement plus any changes due to settlement
D27: =IF(C25=0,"%",D25/C25) -> % | E27: =IF(SUM(C25+D25)=0,"%",E25/SUM(C25+D25)) -> % | F27: =IF(SUM(C25+D25+E25)=0,"%",F25/SUM(C25+D25+E25)) -> %
A28: 3 | B28: Other Compensation - Increase (Decrease) (Stipends, Bonuses, Longevity, overtime, etc.) | C28: 0 | D28: 0 | E28: 0 | F28: 0
D29: =IF(C28=0,"%",D28/C28) -> % | E29: =IF(SUM(C28+D28)=0,"%",E27/SUM(C28+D28)) -> % | F29: =IF(SUM(C28+D28+E28)=0,"%",F28/SUM(C28+D28+E28)) -> %
B30: Description of other compensation:
A31: 4 | B31: Statutory Benefits - STRS, PERS, FICA, WC, UI, Medicate etc. | C31: 0 | D31: 0 | E31: 0 | F31: 0
D33: =IF(C31=0,"%",D31/C31) -> % | E33: =IF(SUM(C31+D31)=0,"%",E31/SUM(C31+D31)) -> % | F33: =IF(SUM(C31+D31+E31)=0,"%",F31/SUM(C31+D31+E31)) -> %
A34: 5 | B34: Health/Welfare Plans: | C34: 0 | D34: 0 | E34: 0 | F34: 0
D36: =IF(C34=0,"%",D34/C34) -> % | E36: =IF(SUM(C34+D34)=0,"%",E34/SUM(C34+D34)) -> % | F36: =IF(SUM(C34+D34+E34)=0,"%",F34/SUM(C34+D34+E34)) -> %
B37: Description of health & welfare plans:
A38: 6 | B38: Total Compensation - Increase (Decrease) (Total Lines 1-5) | C38: =C22+C25+C28+C31+C34 -> 0 | D38: =D22+D25+D28+D31+D34 -> 0 | E38: =E22+E25+E28+E31+E34 -> 0 | F38: =F22+F25+F28+F31+F34 -> 0
A40: 7 | B40: Total Number of Represented Employees (Use FTEs if appropriate) | C40: 0
A41: 8 | B41: Total Compensation Average Cost per Employee | C41: =IF(C40=0,"$",C38/C40) -> $ | D41: =IF(C40=0,"$",D38/C40) -> $ | E41: =IF(C40=0,"$",E38/C40) -> $ | F41: =IF(C40=0,"$",F38/C40) -> $
D43: =IF(C40=0,"%",D41/C41) -> % | E43: =IF(C40=0,"%",E41/SUM(C41+D41)) -> % | F43: =IF(C40=0,"%",F41/SUM(C41+D41+E41)) -> %

Sheet Page 2, Explanations
A1: ="9." -> 9. | C1: Please provide summary of negotiated agreement. For example, if the increase in "Year 1" was for
C2: less than a full year, what is the annualized percentage of that increase for "Year 1"?
A6: ="10." -> 10. | C6: Were any additional steps, columns, or ranges added to the schedules? (If yes, please explain.)
A10: ="11." -> 11. | C10: Does this bargaining unit have any recipients of life time benefits? If so, please indicate number of FTEs
C11: and health & welfare amounts.
A15: ="12." -> 12. | B15: A. | C15: Does this bargaining unit have a negotiated cap for Health and Welfare benefits? | L15: Yes | N15: No
C16: If yes, please describe the cap amount.
B20: ="B." -> B. | C20: Describe any negotiated changes in non-compensation items (i.e., class size adjustments, staff development
C21: days, teacher prep time, classified staffing ratios, etc.)
C25: Does the negotiated changes in non-compensation items impact the TK-3rd grade average class size requirements for Grade Span Adjustment (GSA) funding?
L26: Yes | N26: No
C27: If yes, please describe the affects and if there's an alternative agreement for the TK-3rd grade average class size in the contract.
B31: ="C." -> C. | C31: Are reduction to budget or program necessary to accommodate the settlement?
C32: Include the impact of changes such as staff reductions or increases, program reductions or increases,
C33: elimination or expansion of other services or programs (i.e., counselors, librarians, custodial staff, etc.)

Sheet Page 3, Explanations
A1: ="D." -> D. | B1: What contingency language is included in the proposed agreement? Include specific areas identified
B2: reopeners, applicable fiscal years, and specific contingency language.
A6: ="E." -> E. | B6: Will this agreement create, increase or decrease deficit spending in the current or subsequent year(s)?
B7: "Deficit Spending" is defined to exist when a fund's expenditures and other financing uses exceed its revenues
B8: and other financing sources in a given year. If yes, explain the amounts and justification for doing so.
A12: ="F." -> F. | B12: Identify other major provisions that do not directly affect the district's costs, such as binding
B13: arbitrations, grievance procedures, etc.
A17: ="G." -> G. | B17: Source of Funding for Proposed Agreement
B18: 1. Current Year
B22: 2. If this is a single year agreement, how will the ongoing cost of the proposed agreement be funded in subsequent
B23: years (i.e. LCFF, COLA, property taxes, staffing reductions, staffing ratio changes, one-time sources, etc.?
B27: 3. If this is a multiyear agreement, what is the source of funding, including assumptions used, to fund these
B28: obligations in subsequent years? (Remember to include compounding effects in meeting obligations.)

Sheet Page 4a, Impact, Unrestr G.F.
A1: H. IMPACT OF PROPOSED AGREEMENT ON CURRENT YEAR OPERATING BUDGET
B3: Unrestricted General Fund
A4: Enter Bargaining Unit: ____________________________________________________________________________________________
B6: Column 1 | C6: Column 2 | D6: Column 3 | E6: Column 4
B7: Latest Board-Approved Budget Before Settlement (As of __________) | C7: Adjustments as a Result of Settlement | D7: Other Revisions | E7: Total Current Budget (Columns 1+2+3)
A8: REVENUES
A9: Revenue Limit Sources (8010-8099) | B9: 0 | C9: 0 | D9: 0 | E9: =SUM(B9:D9) -> 0
A10: Remaining Revenues (8100-8799) | B10: 0 | C10: 0 | D10: 0 | E10: =SUM(B10:D10) -> 0
A11: TOTAL REVENUES | B11: =SUM(B9:B10) -> 0 | C11: =SUM(C9:C10) -> 0 | D11: =SUM(D9:D10) -> 0 | E11: =SUM(E9:E10) -> 0
A12: EXPENDITURES
A13: Certificated Salaries (1000-1999) | B13: 0 | C13: 0 | D13: 0 | E13: =SUM(B13:D13) -> 0
A14: Classified Salaries (2000-2999) | B14: 0 | C14: 0 | D14: 0 | E14: =SUM(B14:D14) -> 0
A15: Employee Benefits (3000-3999) | B15: 0 | C15: =0.55*SUM('Page 1, Agreement'!D31+'Page 1, Agreement'!D34) -> 0 | D15: 0 | E15: =SUM(B15:D15) -> 0
A16: Books and Supplies (4000-4999) | B16: 0 | C16: 0 | D16: 0 | E16: =SUM(B16:D16) -> 0
A17: Services, Other Operating Expenses (5000-5999) | B17: 0 | C17: 0 | D17: 0 | E17: =SUM(B17:D17) -> 0
A18: Capital Outlay (6000-6599) | B18: 0 | C18: 0 | D18: 0 | E18: =SUM(B18:D18) -> 0
A19: Other Outgo (7100-7299) (7400-7499) | B19: 0 | C19: 0 | D19: 0 | E19: =SUM(B19:D19) -> 0
A20: Direct Support/Indirect Cost (7300-7399) | B20: 0 | C20: 0 | D20: 0 | E20: =SUM(B20:D20) -> 0
A21: Other Adjustments
A22: TOTAL EXPENDITURES | B22: =SUM(B13:B21) -> 0 | C22: =SUM(C13:C21) -> 0 | D22: =SUM(D13:D21) -> 0 | E22: =SUM(B22:D22) -> 0
A23: OPERATING SURPLUS (DEFICIT) | B23: =B11-B22 -> 0 | C23: =C11-C22 -> 0 | D23: =D11-D22 -> 0 | E23: =SUM(B23:D23) -> 0
A24: TRANSFERS IN & OTHER SOURCES (8910-8979) | B24: 0 | C24: 0 | D24: 0 | E24: =SUM(B24:D24) -> 0
A25: TRANSFERS OUT & OTHER USES (7610-7699) | B25: 0 | C25: 0 | D25: 0 | E25: =SUM(B25:D25) -> 0
A26: CONTRIBUTIONS (8980-8999) | B26: 0 | C26: 0 | D26: 0 | E26: =SUM(B26:D26) -> 0
A27: CURRENT YEAR INCREASE (DECREASE) IN FUND BALANCE
B28: =B23+B24-B25+B26 -> 0 | C28: =C23+C24-C25+C26 -> 0 | D28: =D23+D24-D25+D26 -> 0 | E28: =E23+E24-E25+E26 -> 0
A30: BEGINNING BALANCE | B30: 0 | E30: =SUM(B30:D30) -> 0
A31: Prior-Year Adjustments/Restatements (9793/9795) | B31: 0 | E31: =SUM(B31:D31) -> 0
A32: CURRENT-YEAR ENDING BALANCE | B32: =SUM(B28:B31) -> 0 | C32: =SUM(C28:C31) -> 0 | D32: =SUM(D28:D31) -> 0 | E32: =SUM(B32:D32) -> 0
A33: COMPONENTS OF ENDING BALANCE:
A34: Nonspendable (9711-9719) | B34: 0 | C34: 0 | D34: 0 | E34: =SUM(B34:D34) -> 0
A35: Restricted (9730-9749) | B35: 0 | C35: 0 | D35: 0 | E35: =SUM(B35:D35) -> 0
A36: Committed (9750-9769) | B36: 0 | C36: 0 | D36: 0 | E36: =SUM(B36:D36) -> 0
A37: Stabilization Arrangements (9750) | B37: 0 | C37: 0 | D37: 0 | E37: =SUM(B37:D37) -> 0
A38: Assigned (9770-9788) | B38: 0 | C38: 0 | D38: 0 | E38: =SUM(B38:D38) -> 0
A39: Unassigned (9789-9790) | B39: =B32-B34-B35-B36-B38 -> 0 | C39: =C32-C34-C35-C36 -> 0 | D39: =D32-D34-D35-D36 -> 0 | E39: =E32-E34-E35-E36 -> 0

Sheet Page 4b, Impact, Restr G.F.
A1: H. IMPACT OF PROPOSED AGREEMENT ON CURRENT YEAR OPERATING BUDGET
B3: Restricted General Fund
A4: Enter Bargaining Unit: ____________________________________________________________________________________________
B6: Column 1 | C6: Column 2 | D6: Column 3 | E6: Column 4
B7: ='Page 4a, Impact, Unrestr G.F.'!B7 -> Latest Board-Approved Budget Before Settlement (As of __________) | C7: Adjustments as a Result of Settlement | D7: Other Revisions | E7: Total Current Budget (Columns 1+2+3)
A8: REVENUES
A9: Revenue Limit Sources (8010-8099) | B9: 0 | C9: 0 | D9: 0 | E9: =SUM(B9:D9) -> 0
A10: Remaining Revenues (8100-8799) | B10: 0 | C10: 0 | D10: 0 | E10: =SUM(B10:D10) -> 0
A11: TOTAL REVENUES | B11: =SUM(B9:B10) -> 0 | C11: =SUM(C9:C10) -> 0 | D11: =SUM(D9:D10) -> 0 | E11: =SUM(E9:E10) -> 0
A12: EXPENDITURES
A13: Certificated Salaries (1000-1999) | B13: 0 | C13: 0 | D13: 0 | E13: =SUM(B13:D13) -> 0
A14: Classified Salaries (2000-2999) | B14: 0 | C14: 0 | D14: 0 | E14: =SUM(B14:D14) -> 0
A15: Employee Benefits (3000-3999) | B15: 0 | C15: =0.45*SUM('Page 1, Agreement'!D31+'Page 1, Agreement'!D34) -> 0 | D15: 0 | E15: =SUM(B15:D15) -> 0
A16: Books and Supplies (4000-4999) | B16: 0 | C16: 0 | D16: 0 | E16: =SUM(B16:D16) -> 0
A17: Services, Other Operating Expenses (5000-5999) | B17: 0 | C17: 0 | D17: 0 | E17: =SUM(B17:D17) -> 0
A18: Capital Outlay (6000-6599) | B18: 0 | C18: 0 | D18: 0 | E18: =SUM(B18:D18) -> 0
A19: Other Outgo (7100-7299) (7400-7499) | B19: 0 | C19: 0 | D19: 0 | E19: =SUM(B19:D19) -> 0
A20: Direct Support/Indirect Cost (7300-7399) | B20: 0 | C20: 0 | D20: 0 | E20: =SUM(B20:D20) -> 0
A21: Other Adjustments
A22: TOTAL EXPENDITURES | B22: =SUM(B13:B21) -> 0 | C22: =SUM(C13:C21) -> 0 | D22: =SUM(D13:D21) -> 0 | E22: =SUM(B22:D22) -> 0
A23: OPERATING SURPLUS (DEFICIT) | B23: =B11-B22 -> 0 | C23: =C11-C22 -> 0 | D23: =D11-D22 -> 0 | E23: =SUM(B23:D23) -> 0
A24: TRANSFERS IN & OTHER SOURCES (8910-8979) | B24: 0 | C24: 0 | D24: 0 | E24: =SUM(B24:D24) -> 0
A25: TRANSFERS OUT & OTHER USES (7610-7699) | B25: 0 | C25: 0 | D25: 0 | E25: =SUM(B25:D25) -> 0
A26: CONTRIBUTIONS (8980-8999) | B26: 0 | C26: 0 | D26: 0 | E26: =SUM(B26:D26) -> 0
A27: CURRENT YEAR INCREASE (DECREASE) IN FUND BALANCE
B28: =B23+B24-B25+B26 -> 0 | C28: =C23+C24-C25+C26 -> 0 | D28: =D23+D24-D25+D26 -> 0 | E28: =E23+E24-E25+E26 -> 0
A30: BEGINNING BALANCE | B30: 0 | E30: =SUM(B30:D30) -> 0
A31: Prior-Year Adjustments/Restatements (9793/9795) | B31: 0 | E31: =SUM(B31:D31) -> 0
A32: CURRENT-YEAR ENDING BALANCE | B32: =SUM(B28:B31) -> 0 | C32: =SUM(C28:C31) -> 0 | D32: =SUM(D28:D31) -> 0 | E32: =SUM(E28:E31) -> 0
A33: COMPONENTS OF ENDING BALANCE:
A34: Nonspendable (9711-9719) | B34: 0 | C34: 0 | D34: 0 | E34: =SUM(B34:D34) -> 0
A35: Restricted (9730-9749) | B35: 0 | C35: 0 | D35: 0 | E35: =SUM(B35:D35) -> 0
A36: Committed (9750-9769) | B36: 0 | C36: 0 | D36: 0 | E36: =SUM(B36:D36) -> 0
A37: Stabilization Arrangements (9750) | B37: 0 | C37: 0 | D37: 0 | E37: =SUM(B37:D37) -> 0
A38: Assigned (9770-9788) | B38: 0 | C38: 0 | D38: 0 | E38: =SUM(B38:D38) -> 0
A39: Unassigned (9789-9790) | B39: =B32-B34-B35-B36-B38 -> 0 | C39: =C32-C34-C35-C36 -> 0 | D39: =D32-D34-D35-D36 -> 0 | E39: =E32-E34-E35-E36 -> 0

Sheet Page 4c, Impact, Combined G.F.
A1: H. IMPACT OF PROPOSED AGREEMENT ON CURRENT YEAR OPERATING BUDGET
B3: Combined General Fund
A4: ='Page 4b, Impact, Restr G.F.'!A4:E4 -> Enter Bargaining Unit: ____________________________________________________________________________________________
B6: Column 1 | C6: Column 2 | D6: Column 3 | E6: Column 4
B7: ='Page 4a, Impact, Unrestr G.F.'!B7 -> Latest Board-Approved Budget Before Settlement (As of __________) | C7: Adjustments as a Result of Settlement | D7: Other Revisions | E7: Total Current Budget (Columns 1+2+3)
A8: REVENUES
A9: Revenue Limit Sources (8010-8099) | B9: ='Page 4a, Impact, Unrestr G.F.'!B9+'Page 4b, Impact, Restr G.F.'!B9 -> 0 | C9: ='Page 4a, Impact, Unrestr G.F.'!C9+'Page 4b, Impact, Restr G.F.'!C9 -> 0 | D9: ='Page 4a, Impact, Unrestr G.F.'!D9+'Page 4b, Impact, Restr G.F.'!D9 -> 0 | E9: ='Page 4a, Impact, Unrestr G.F.'!E9+'Page 4b, Impact, Restr G.F.'!E9 -> 0
A10: Remaining Revenues (8100-8799) | B10: ='Page 4a, Impact, Unrestr G.F.'!B10+'Page 4b, Impact, Restr G.F.'!B10 -> 0 | C10: ='Page 4a, Impact, Unrestr G.F.'!C10+'Page 4b, Impact, Restr G.F.'!C10 -> 0 | D10: ='Page 4a, Impact, Unrestr G.F.'!D10+'Page 4b, Impact, Restr G.F.'!D10 -> 0 | E10: ='Page 4a, Impact, Unrestr G.F.'!E10+'Page 4b, Impact, Restr G.F.'!E10 -> 0
A11: TOTAL REVENUES | B11: =SUM(B9:B10) -> 0 | C11: =SUM(C9:C10) -> 0 | D11: =SUM(D9:D10) -> 0 | E11: =SUM(E9:E10) -> 0
A12: EXPENDITURES
A13: Certificated Salaries (1000-1999) | B13: ='Page 4a, Impact, Unrestr G.F.'!B13+'Page 4b, Impact, Restr G.F.'!B13 -> 0 | C13: ='Page 4a, Impact, Unrestr G.F.'!C13+'Page 4b, Impact, Restr G.F.'!C13 -> 0 | D13: ='Page 4a, Impact, Unrestr G.F.'!D13+'Page 4b, Impact, Restr G.F.'!D13 -> 0 | E13: ='Page 4a, Impact, Unrestr G.F.'!E13+'Page 4b, Impact, Restr G.F.'!E13 -> 0
A14: Classified Salaries (2000-2999) | B14: ='Page 4a, Impact, Unrestr G.F.'!B14+'Page 4b, Impact, Restr G.F.'!B14 -> 0 | C14: ='Page 4a, Impact, Unrestr G.F.'!C14+'Page 4b, Impact, Restr G.F.'!C14 -> 0 | D14: ='Page 4a, Impact, Unrestr G.F.'!D14+'Page 4b, Impact, Restr G.F.'!D14 -> 0 | E14: ='Page 4a, Impact, Unrestr G.F.'!E14+'Page 4b, Impact, Restr G.F.'!E14 -> 0
A15: Employee Benefits (3000-3999) | B15: ='Page 4a, Impact, Unrestr G.F.'!B15+'Page 4b, Impact, Restr G.F.'!B15 -> 0 | C15: ='Page 4a, Impact, Unrestr G.F.'!C15+'Page 4b, Impact, Restr G.F.'!C15 -> 0 | D15: ='Page 4a, Impact, Unrestr G.F.'!D15+'Page 4b, Impact, Restr G.F.'!D15 -> 0 | E15: ='Page 4a, Impact, Unrestr G.F.'!E15+'Page 4b, Impact, Restr G.F.'!E15 -> 0
A16: Books and Supplies (4000-4999) | B16: ='Page 4a, Impact, Unrestr G.F.'!B16+'Page 4b, Impact, Restr G.F.'!B16 -> 0 | C16: ='Page 4a, Impact, Unrestr G.F.'!C16+'Page 4b, Impact, Restr G.F.'!C16 -> 0 | D16: ='Page 4a, Impact, Unrestr G.F.'!D16+'Page 4b, Impact, Restr G.F.'!D16 -> 0 | E16: ='Page 4a, Impact, Unrestr G.F.'!E16+'Page 4b, Impact, Restr G.F.'!E16 -> 0
A17: Services, Other Operating Expenses (5000-5999) | B17: ='Page 4a, Impact, Unrestr G.F.'!B17+'Page 4b, Impact, Restr G.F.'!B17 -> 0 | C17: ='Page 4a, Impact, Unrestr G.F.'!C17+'Page 4b, Impact, Restr G.F.'!C17 -> 0 | D17: ='Page 4a, Impact, Unrestr G.F.'!D17+'Page 4b, Impact, Restr G.F.'!D17 -> 0 | E17: ='Page 4a, Impact, Unrestr G.F.'!E17+'Page 4b, Impact, Restr G.F.'!E17 -> 0
A18: Capital Outlay (6000-6599) | B18: ='Page 4a, Impact, Unrestr G.F.'!B18+'Page 4b, Impact, Restr G.F.'!B18 -> 0 | C18: ='Page 4a, Impact, Unrestr G.F.'!C18+'Page 4b, Impact, Restr G.F.'!C18 -> 0 | D18: ='Page 4a, Impact, Unrestr G.F.'!D18+'Page 4b, Impact, Restr G.F.'!D18 -> 0 | E18: ='Page 4a, Impact, Unrestr G.F.'!E18+'Page 4b, Impact, Restr G.F.'!E18 -> 0
A19: Other Outgo (7100-7299) (7400-7499) | B19: ='Page 4a, Impact, Unrestr G.F.'!B19+'Page 4b, Impact, Restr G.F.'!B19 -> 0 | C19: ='Page 4a, Impact, Unrestr G.F.'!C19+'Page 4b, Impact, Restr G.F.'!C19 -> 0 | D19: ='Page 4a, Impact, Unrestr G.F.'!D19+'Page 4b, Impact, Restr G.F.'!D19 -> 0 | E19: ='Page 4a, Impact, Unrestr G.F.'!E19+'Page 4b, Impact, Restr G.F.'!E19 -> 0
A20: Direct Support/Indirect Cost (7300-7399) | B20: ='Page 4a, Impact, Unrestr G.F.'!B20+'Page 4b, Impact, Restr G.F.'!B20 -> 0 | C20: ='Page 4a, Impact, Unrestr G.F.'!C20+'Page 4b, Impact, Restr G.F.'!C20 -> 0 | D20: ='Page 4a, Impact, Unrestr G.F.'!D20+'Page 4b, Impact, Restr G.F.'!D20 -> 0 | E20: ='Page 4a, Impact, Unrestr G.F.'!E20+'Page 4b, Impact, Restr G.F.'!E20 -> 0
A21: Other Adjustments
A22: TOTAL EXPENDITURES | B22: ='Page 4a, Impact, Unrestr G.F.'!B22+'Page 4b, Impact, Restr G.F.'!B22 -> 0 | C22: ='Page 4a, Impact, Unrestr G.F.'!C22+'Page 4b, Impact, Restr G.F.'!C22 -> 0 | D22: ='Page 4a, Impact, Unrestr G.F.'!D22+'Page 4b, Impact, Restr G.F.'!D22 -> 0 | E22: ='Page 4a, Impact, Unrestr G.F.'!E22+'Page 4b, Impact, Restr G.F.'!E22 -> 0
A23: OPERATING SURPLUS (DEFICIT) | B23: ='Page 4a, Impact, Unrestr G.F.'!B23+'Page 4b, Impact, Restr G.F.'!B23 -> 0 | C23: ='Page 4a, Impact, Unrestr G.F.'!C23+'Page 4b, Impact, Restr G.F.'!C23 -> 0 | D23: ='Page 4a, Impact, Unrestr G.F.'!D23+'Page 4b, Impact, Restr G.F.'!D23 -> 0 | E23: ='Page 4a, Impact, Unrestr G.F.'!E23+'Page 4b, Impact, Restr G.F.'!E23 -> 0
A24: TRANSFERS IN & OTHER SOURCES (8910-8979) | B24: ='Page 4a, Impact, Unrestr G.F.'!B24+'Page 4b, Impact, Restr G.F.'!B24 -> 0 | C24: ='Page 4a, Impact, Unrestr G.F.'!C24+'Page 4b, Impact, Restr G.F.'!C24 -> 0 | D24: ='Page 4a, Impact, Unrestr G.F.'!D24+'Page 4b, Impact, Restr G.F.'!D24 -> 0 | E24: ='Page 4a, Impact, Unrestr G.F.'!E24+'Page 4b, Impact, Restr G.F.'!E24 -> 0
A25: TRANSFERS OUT & OTHER USES (7610-7699) | B25: ='Page 4a, Impact, Unrestr G.F.'!B25+'Page 4b, Impact, Restr G.F.'!B25 -> 0 | C25: ='Page 4a, Impact, Unrestr G.F.'!C25+'Page 4b, Impact, Restr G.F.'!C25 -> 0 | D25: ='Page 4a, Impact, Unrestr G.F.'!D25+'Page 4b, Impact, Restr G.F.'!D25 -> 0 | E25: ='Page 4a, Impact, Unrestr G.F.'!E25+'Page 4b, Impact, Restr G.F.'!E25 -> 0
A26: CONTRIBUTIONS (8980-8999) | B26: ='Page 4a, Impact, Unrestr G.F.'!B26+'Page 4b, Impact, Restr G.F.'!B26 -> 0 | C26: ='Page 4a, Impact, Unrestr G.F.'!C26+'Page 4b, Impact, Restr G.F.'!C26 -> 0 | D26: ='Page 4a, Impact, Unrestr G.F.'!D26+'Page 4b, Impact, Restr G.F.'!D26 -> 0 | E26: ='Page 4a, Impact, Unrestr G.F.'!E26+'Page 4b, Impact, Restr G.F.'!E26 -> 0
A27: CURRENT YEAR INCREASE (DECREASE) IN FUND BALANCE | C27: *
B28: ='Page 4a, Impact, Unrestr G.F.'!B28+'Page 4b, Impact, Restr G.F.'!B28 -> 0 | C28: ='Page 4a, Impact, Unrestr G.F.'!C28+'Page 4b, Impact, Restr G.F.'!C28 -> 0 | D28: ='Page 4a, Impact, Unrestr G.F.'!D28+'Page 4b, Impact, Restr G.F.'!D28 -> 0 | E28: ='Page 4a, Impact, Unrestr G.F.'!E28+'Page 4b, Impact, Restr G.F.'!E28 -> 0
A30: BEGINNING BALANCE | B30: ='Page 4a, Impact, Unrestr G.F.'!B30+'Page 4b, Impact, Restr G.F.'!B30 -> 0 | E30: ='Page 4a, Impact, Unrestr G.F.'!E30+'Page 4b, Impact, Restr G.F.'!E30 -> 0
A31: Prior-Year Adjustments/Restatements (9793/9795) | B31: ='Page 4a, Impact, Unrestr G.F.'!B31+'Page 4b, Impact, Restr G.F.'!B31 -> 0 | E31: ='Page 4a, Impact, Unrestr G.F.'!E31+'Page 4b, Impact, Restr G.F.'!E31 -> 0
A32: CURRENT-YEAR ENDING BALANCE | B32: ='Page 4a, Impact, Unrestr G.F.'!B32+'Page 4b, Impact, Restr G.F.'!B32 -> 0 | C32: ='Page 4a, Impact, Unrestr G.F.'!C32+'Page 4b, Impact, Restr G.F.'!C32 -> 0 | D32: ='Page 4a, Impact, Unrestr G.F.'!D32+'Page 4b, Impact, Restr G.F.'!D32 -> 0 | E32: ='Page 4a, Impact, Unrestr G.F.'!E32+'Page 4b, Impact, Restr G.F.'!E32 -> 0
A33: COMPONENTS OF ENDING BALANCE:
A34: Nonspendable (9711-9719) | B34: ='Page 4a, Impact, Unrestr G.F.'!B34+'Page 4b, Impact, Restr G.F.'!B34 -> 0 | C34: ='Page 4a, Impact, Unrestr G.F.'!C34+'Page 4b, Impact, Restr G.F.'!C34 -> 0 | D34: ='Page 4a, Impact, Unrestr G.F.'!D34+'Page 4b, Impact, Restr G.F.'!D34 -> 0 | E34: ='Page 4a, Impact, Unrestr G.F.'!E34+'Page 4b, Impact, Restr G.F.'!E34 -> 0
A35: Restricted (9730-9749) | B35: ='Page 4a, Impact, Unrestr G.F.'!B35+'Page 4b, Impact, Restr G.F.'!B35 -> 0 | C35: ='Page 4a, Impact, Unrestr G.F.'!C35+'Page 4b, Impact, Restr G.F.'!C35 -> 0 | D35: ='Page 4a, Impact, Unrestr G.F.'!D35+'Page 4b, Impact, Restr G.F.'!D35 -> 0 | E35: ='Page 4a, Impact, Unrestr G.F.'!E35+'Page 4b, Impact, Restr G.F.'!E35 -> 0
A36: Committed (9750-9769) | B36: ='Page 4a, Impact, Unrestr G.F.'!B36+'Page 4b, Impact, Restr G.F.'!B36 -> 0 | C36: ='Page 4a, Impact, Unrestr G.F.'!C36+'Page 4b, Impact, Restr G.F.'!C36 -> 0 | D36: ='Page 4a, Impact, Unrestr G.F.'!D36+'Page 4b, Impact, Restr G.F.'!D36 -> 0 | E36: ='Page 4a, Impact, Unrestr G.F.'!E36+'Page 4b, Impact, Restr G.F.'!E36 -> 0
A37: Stabilization Arrangements (9750) | B37: ='Page 4a, Impact, Unrestr G.F.'!B37+'Page 4b, Impact, Restr G.F.'!B37 -> 0 | C37: ='Page 4a, Impact, Unrestr G.F.'!C37+'Page 4b, Impact, Restr G.F.'!C37 -> 0 | D37: ='Page 4a, Impact, Unrestr G.F.'!D37+'Page 4b, Impact, Restr G.F.'!D37 -> 0 | E37: ='Page 4a, Impact, Unrestr G.F.'!E37+'Page 4b, Impact, Restr G.F.'!E37 -> 0
A38: Assigned (9770-9788) | B38: ='Page 4a, Impact, Unrestr G.F.'!B38+'Page 4b, Impact, Restr G.F.'!B38 -> 0 | C38: ='Page 4a, Impact, Unrestr G.F.'!C38+'Page 4b, Impact, Restr G.F.'!C38 -> 0 | D38: ='Page 4a, Impact, Unrestr G.F.'!D38+'Page 4b, Impact, Restr G.F.'!D38 -> 0 | E38: ='Page 4a, Impact, Unrestr G.F.'!E38+'Page 4b, Impact, Restr G.F.'!E38 -> 0
A39: Unassigned (9789-9790) | B39: ='Page 4a, Impact, Unrestr G.F.'!B39+'Page 4b, Impact, Restr G.F.'!B39 -> 0 | C39: ='Page 4a, Impact, Unrestr G.F.'!C39+'Page 4b, Impact, Restr G.F.'!C39 -> 0 | D39: ='Page 4a, Impact, Unrestr G.F.'!D39+'Page 4b, Impact, Restr G.F.'!D39 -> 0 | E39: ='Page 4a, Impact, Unrestr G.F.'!E39+'Page 4b, Impact, Restr G.F.'!E39 -> 0
A41: * If the total amount of the Adjustment in Col. 2 does not agree with the amount of the Total Compensation Increase (Decrease) in
A42: Section A, Line 6, Page 1, explain the variance below: _____________________________________________________________

Sheet Page 5, Multiyear Projections
A1: I. IMPACT OF PROPOSED AGREEMENT ON SUBSEQUENT FISCAL YEARS
B3: Multiyear Projection - Combined General Fund
A4: ='Page 4c, Impact, Combined G.F.'!A4:E4 -> Enter Bargaining Unit: ____________________________________________________________________________________________
B6: FY ____ - ____ | C6: FY ____ - ____ | D6: FY ____ - ____
B7: Total Current Budget After Settlement | C7: First Subsequent Year After Settlement | D7: Second Subsequent Year After Settlement
A8: REVENUES
A9: Revenue Limit Sources (8010-8099) | B9: ='Page 4c, Impact, Combined G.F.'!E9 -> 0 | C9: 0 | D9: 0
A10: Remaining Revenues (8100-8799) | B10: ='Page 4c, Impact, Combined G.F.'!E10 -> 0 | C10: 0 | D10: 0
A11: TOTAL REVENUES | B11: ='Page 4c, Impact, Combined G.F.'!E11 -> 0 | C11: =SUM(C9:C10) -> 0 | D11: =SUM(D9:D10) -> 0
A12: EXPENDITURES
A13: Certificated Salaries (1000-1999) | B13: ='Page 4c, Impact, Combined G.F.'!E13 -> 0 | C13: 0 | D13: 0
A14: Classified Salaries (2000-2999) | B14: ='Page 4c, Impact, Combined G.F.'!E14 -> 0 | C14: 0 | D14: 0
A15: Employee Benefits (3000-3999) | B15: ='Page 4c, Impact, Combined G.F.'!E15 -> 0 | C15: 0 | D15: 0
A16: Books and Supplies (4000-4999) | B16: ='Page 4c, Impact, Combined G.F.'!E16 -> 0 | C16: 0 | D16: 0
A17: Services, Other Operating Expenses (5000-5999) | B17: ='Page 4c, Impact, Combined G.F.'!E17 -> 0 | C17: 0 | D17: 0
A18: Capital Outlay (6000-6999) | B18: ='Page 4c, Impact, Combined G.F.'!E18 -> 0 | C18: 0 | D18: 0
A19: Other Outgo (7100-7299) (7400-7499) | B19: ='Page 4c, Impact, Combined G.F.'!E19 -> 0 | C19: 0 | D19: 0
A20: Direct Support/Indirect Cost (7300-7399) | B20: ='Page 4c, Impact, Combined G.F.'!E20 -> 0 | C20: 0 | D20: 0
A21: Other Adjustments | C21: 0 | D21: 0
A22: TOTAL EXPENDITURES | B22: ='Page 4c, Impact, Combined G.F.'!E22 -> 0 | C22: =SUM(C13:C21) -> 0 | D22: =SUM(D13:D21) -> 0
A23: OPERATING SURPLUS (DEFICIT) | B23: ='Page 4c, Impact, Combined G.F.'!E23 -> 0 | C23: =C11-C22 -> 0 | D23: =D11-D22 -> 0
A24: TRANSFERS IN & OTHER SOURCES (8910-8979) | B24: ='Page 4c, Impact, Combined G.F.'!E24 -> 0 | C24: 0 | D24: 0
A25: TRANSFERS OUT & OTHER USES (7610-7699) | B25: ='Page 4c, Impact, Combined G.F.'!E25 -> 0 | C25: 0 | D25: 0
A26: CONTRIBUTIONS (8980-8999) | B26: ='Page 4c, Impact, Combined G.F.'!E26 -> 0 | C26: 0 | D26: 0
A27: CURRENT YEAR INCREASE (DECREASE) IN FUND BALANCE
B28: ='Page 4c, Impact, Combined G.F.'!E28 -> 0 | C28: =C23+C24-C25 -> 0 | D28: =D23+D24-D25 -> 0
A30: BEGINNING BALANCE | B30: ='Page 4c, Impact, Combined G.F.'!E30 -> 0 | C30: =B31 -> 0 | D30: =C31 -> 0
A31: CURRENT-YEAR ENDING BALANCE | B31: ='Page 4c, Impact, Combined G.F.'!E32 -> 0 | C31: =SUM(C28:C30) -> 0 | D31: =SUM(D28:D30) -> 0
A32: COMPONENTS OF ENDING BALANCE:
A33: Nonspendable (9711-9719) | B33: ='Page 4c, Impact, Combined G.F.'!E34 -> 0 | C33: 0 | D33: 0
A34: Restricted (9730-9749) | B34: ='Page 4a, Impact, Unrestr G.F.'!E35 -> 0 | C34: =0.05*SUM(C22+C25) -> 0 | D34: 0
A35: Committed (9750-9769) | B35: ='Page 4b, Impact, Restr G.F.'!E35 -> 0 | C35: 0 | D35: 0
A36: Stabilization Arrangements (9750) | B36: ='Page 4b, Impact, Restr G.F.'!E36 -> 0 | C36: 0 | D36: 0
A37: Assigned (9770-9788) | B37: ='Page 4b, Impact, Restr G.F.'!E36 -> 0 | C37: 0 | D37: 0
A38: Unassigned (9789-9790) | B38: ='Page 4c, Impact, Combined G.F.'!E39 -> 0 | C38: =C31-C33-C34-C35-C37 -> 0 | D38: =D31-D33-D34-D35-D37 -> 0

Sheet Page 6, Reserve Levels
A1: J. IMPACT OF PROPOSED AGREEMENT ON UNRESTRICTED RESERVES
A3: ="1." -> 1. | B3: State Reserve Standard
C4: ='Page 5, Multiyear Projections'!B6 -> FY ____ - ____ | D4: ='Page 5, Multiyear Projections'!C6 -> FY ____ - ____ | F4: ='Page 5, Multiyear Projections'!D6 -> FY ____ - ____
A5: a. | B5: Total Expenditures, Transfers Out, and Uses (Including Cost of Proposed Agreement) | C5: ='Page 5, Multiyear Projections'!B22+'Page 5, Multiyear Projections'!B25 -> 0 | D5: ='Page 5, Multiyear Projections'!C22+'Page 5, Multiyear Projections'!C25 -> 0 | E5: ='Page 5, Multiyear Projections'!D22+'Page 5, Multiyear Projections'!D24-'Page 5, Multiyear Projections'!D25 -> 0 | F5: ='Page 5, Multiyear Projections'!D22+'Page 5, Multiyear Projections'!D25 -> 0 | G5: ='Page 5, Multiyear Projections'!F22+'Page 5, Multiyear Projections'!F24-'Page 5, Multiyear Projections'!F25 -> 0
A6: b. | B6: State Standard Minimum Reserve Percentage for this District: (enter percentage ): | C6: 0 | D6: =C6 -> 0 | F6: =C6 -> 0
A7: c. | B7: State Standard Minimum Reserve Amount for this District (For districts with less than 1,001 ADA, this is the greater of Line a, times Line b. OR $50,000 | C7: =C5*C6 -> 0 | D7: =D5*D6 -> 0 | E7: =E5*E6 -> 0 | F7: =F5*F6 -> 0 | G7: =G5*G6 -> 0
A9: ="2." -> 2. | B9: Budgeted Unrestricted Reserve (After Impact of Proposed Agreement)
A11: a. | B11: General Fund (Fund 01) Stabilization Arrangements, % Unassigned Fund Balance (includes Reserve for Economic Uncertainties) | C11: ='Page 5, Multiyear Projections'!B36+'Page 5, Multiyear Projections'!B38 -> 0 | D11: ='Page 5, Multiyear Projections'!C36+'Page 5, Multiyear Projections'!C38 -> 0 | E11: ='Page 5, Multiyear Projections'!D38 -> 0 | F11: ='Page 5, Multiyear Projections'!D36+'Page 5, Multiyear Projections'!D38 -> 0 | G11: ='Page 5, Multiyear Projections'!F38 -> 0
A12: b. | B12: Special Reserve Fund (Fund 17) Unassigned Fund Balance | C12: 0 | D12: 0 | F12: 0
A13: c. | B13: Total Available Reserves | C13: =SUM(C11:C12) -> 0 | D13: =SUM(D11:D12) -> 0 | E13: =SUM(E11:E12) -> 0 | F13: =SUM(F11:F12) -> 0 | G13: =SUM(G11:G12) -> 0
A14: d. | B14: Reserve for Economic Uncertainties Percentage | C14: =IF(C5=0,"%",C13/C5) -> % | D14: =IF(D5=0,"%",D13/D5) -> % | E14: =IF(E5=0,"%",E13/E5) -> % | F14: =IF(F5=0,"%",F13/F5) -> % | G14: =IF(G5=0,"%",G13/G5) -> %
A16: ="3." -> 3. | B16: Do unrestricted reserves meet the state minimum reserve amount?
C17: =C4 -> FY ____ - ____ | D17: Yes | F17: No
C18: =D4 -> FY ____ - ____ | D18: Yes | F18: No
C19: =F4 -> FY ____ - ____ | D19: Yes | F19: No
A21: ="4." -> 4. | B21: If no, how do you plan to restore your reserves? Provide comments/explanations below:

Sheet Page 7, Certifications
B1: K. | C1: CERTIFICATION NO. 1: CERTIFICATION OF THE DISTRICT'S ABILITY TO MEET THE COSTS OF COLLECTIVE BARGAINING AGREEMENT
B3: (The disclosure document must be signed by the district Superintendent and Chief Business Officer at the time of public disclosure.)
B5: In accordance with the requirements of Government Code Section 3547.5, the Superintendent and the
B6: Chief Business Officer of __________________________________________________________ (District),
B7: hereby certify that the District can meet the costs incurred under the Collective Bargaining Agreement
B8: between the District and the______________________________________________ (Bargaining Unit),
B9: during the term of the agreement from ____________________ to______________________.
C11: District Superintendent | E11: Date
C12: (Signature Over Printed Name)
C14: Chief Business Officer | E14: Date
C15: (Signature Over Printed Name)
B19: L. | C19: CERTIFICATION NO. 2
B21: (The disclosure document must be signed by the district Superintendent or designee and by the President or Clerk of the Governing Board at the time of formal board action on the proposed agreement.)
B23: The information provided in this document summarizes the financial implications of the proposed
B24: agreement and submitted to the Governing Board for public disclosure of the major provisions
B25: of the agreement (as provided in the "Public Disclosure of Proposed Bargaining Agreement")
B26: in accordance with the requirements of AB 1200 and Government Code Section 3547.5.
C28: District Superintendent | E28: Date
C29: (Signature Over Printed Name)
C32: Contact Person | E32: Phone
C35: President or Clerk of the Governing Board | E35: Date
C36: (Signature Over Printed Name)
